TOP OF THE 1ST |
Royse City Targaryens batting - Pitching for Viola Swords : LHP Howard Ventura
|
Pitching: LHP Howard Ventura
|
|
Batting: LHB Markus Richardson
|
0-0: Ground out 1-3 (Groundball, 15)
|
Batting: RHB Matt Nelson
|
0-0: SINGLE (Line Drive, 6MD)
|
Batting: SHB Cedric Fields
|
0-0: Ball 1-0: Ball 2-0: Swinging Strike 2-1: Foul Ball, location: 2F 2-2: Fly out, F3 (Popup, 3F)
|
Batting: LHB Jim Unknown
|
0-0: Ball 1-0: Ball 2-0: Ball 3-0: Base on Balls Matt Nelson to second
|
Batting: RHB Ron Ward
|
0-0: Ball 1-0: Ground out 5-3 (Groundball, 5)
|
Top of the 1st over - 0 run(s), 1 hit(s), 0 error(s), 2 left on base; Royse City 0 - Viola 0 |
BOTTOM OF THE 1ST |
Viola Swords batting - Pitching for Royse City Targaryens : RHP Yusuke Saito
|
Pitching: RHP Yusuke Saito
|
|
Batting: RHB Bill Newsome
|
0-0: Foul Ball, location: 2F 0-1: Called Strike 0-2: Strikes out looking
|
Batting: RHB Daniel Drake
|
0-0: Ball 1-0: SINGLE (Groundball, 13) (infield hit)
|
Batting: RHB Randy Gregory
|
0-0: SINGLE (Groundball, 56D) Daniel Drake to second
|
Batting: RHB Steffen Taylor
|
0-0: Ball 1-0: Called Strike 1-1: Ball 2-1: Grounds into double play, 4-6-3 (Groundball, 4)
|
Bottom of the 1st over - 0 run(s), 2 hit(s), 0 error(s), 1 left on base; Royse City 0 - Viola 0 |
TOP OF THE 2ND |
Royse City Targaryens batting - Pitching for Viola Swords : LHP Howard Ventura
|
Batting: RHB Bob Sargent
|
0-0: Called Strike 0-1: Foul Ball, location: 2F 0-2: Foul Ball, location: 2F 0-2: Ball 1-2: Ball 2-2: Ball 3-2: Fly out, F7 (Flyball, 78D)
|
Batting: RHB Bartolo Martínez
|
0-0: SINGLE (Groundball, 56D)
|
Batting: RHB Brent Burgess
|
0-0: Called Strike 0-1: SINGLE (Groundball, 6) Bartolo Martínez to second
|
Batting: LHB John Cossey
|
0-0: Called Strike 0-1: Swinging Strike 0-2: Foul Ball, location: 2F 0-2: Ball 1-2: Ball 2-2: Fielders Choice at 2nd, 4-6 (Groundball, 4) Bartolo Martínez to third
|
Batting: LHB Markus Richardson
|
0-0: Swinging Strike 0-1: Ball 1-1: Ball 2-1: Foul Ball, location: 2F 2-2: SINGLE (Groundball, 6M) Bartolo Martínez scores John Cossey to second Runner from 2nd tries for 3rd, SAFE, no throw or cutoff
|
Batting: RHB Matt Nelson
|
0-0: Foul Ball, location: 2F 0-1: Ball 1-1: Ball 2-1: Foul Ball, location: 2F 2-2: Ball 3-2: Fly out, F7 (Line Drive, 7M)
|
Top of the 2nd over - 1 run(s), 3 hit(s), 0 error(s), 2 left on base; Royse City 1 - Viola 0 |
BOTTOM OF THE 2ND |
Viola Swords batting - Pitching for Royse City Targaryens : RHP Yusuke Saito
|
Batting: RHB Thomas Teague
|
0-0: Ball 1-0: Foul Ball, location: 2F 1-1: Foul Ball, location: 2F 1-2: Ball 2-2: Foul Ball, location: 2F 2-2: Ball 3-2: Ground out 6-3 (Groundball, 56)
|
Batting: RHB Trevor Gardner
|
0-0: Ball 1-0: Ball 2-0: Called Strike 2-1: Reached on error, E6 (Groundball, 6)
|
Batting: LHB Gonzalo Durán
|
0-0: Ball 1-0: Called Strike 1-1: Foul Ball, location: 2F 1-2: Strikes out swinging
|
Batting: RHB Ángel González
|
0-0: Ball 1-0: Fly out, F7 (Popup, 78S)
|
Bottom of the 2nd over - 0 run(s), 0 hit(s), 1 error(s), 1 left on base; Royse City 1 - Viola 0 |
TOP OF THE 3RD |
Royse City Targaryens batting - Pitching for Viola Swords : LHP Howard Ventura
|
Batting: SHB Cedric Fields
|
0-0: Swinging Strike 0-1: Called Strike 0-2: Ball 1-2: Ball 2-2: Foul Ball, location: 2F 2-2: Ball 3-2: DOUBLE (Line Drive, 7M)
|
Batting: LHB Jim Unknown
|
0-0: Called Strike 0-1: Foul Ball, location: 2F 0-2: Fly out, F9 (Line Drive, 89M)
|
Batting: RHB Ron Ward
|
0-0: Ball 1-0: Ball 2-0: Called Strike 2-1: Ground out 6-3 (Groundball, 6)
|
Batting: RHB Bob Sargent
|
0-0: Swinging Strike 0-1: Fly out, F6 (Popup, 6M)
|
Top of the 3rd over - 0 run(s), 1 hit(s), 0 error(s), 1 left on base; Royse City 1 - Viola 0 |
BOTTOM OF THE 3RD |
Viola Swords batting - Pitching for Royse City Targaryens : RHP Yusuke Saito
|
Batting: RHB Pedro Sánchez
|
0-0: Ball 1-0: Foul Ball, location: 2F 1-1: Ball 2-1: Swinging Strike 2-2: Ball 3-2: Strikes out swinging
|
Batting: RHB Bill Newsome
|
0-0: Ball 1-0: Fly out, F8 (Line Drive, 8RM)
|
Batting: RHB Daniel Drake
|
0-0: Swinging Strike 0-1: Called Strike 0-2: Strikes out swinging, 2-3 out at first.
|
Bottom of the 3rd over - 0 run(s), 0 hit(s), 0 error(s), 0 left on base; Royse City 1 - Viola 0 |
TOP OF THE 4TH |
Royse City Targaryens batting - Pitching for Viola Swords : LHP Howard Ventura
|
Batting: RHB Bartolo Martínez
|
0-0: Ground out 6-3 (Groundball, 6)
|
Batting: RHB Brent Burgess
|
0-0: Ball 1-0: Foul Ball, location: 2F 1-1: Ball 2-1: Ground out 5-3 (Groundball, 5)
|
Batting: LHB John Cossey
|
0-0: SINGLE (Line Drive, 7LS)
|
Batting: LHB Markus Richardson
|
0-0: Ball 1-0: Called Strike 1-1: Called Strike 1-2: Fly out, F8 (Flyball, 8RM)
|
Top of the 4th over - 0 run(s), 1 hit(s), 0 error(s), 1 left on base; Royse City 1 - Viola 0 |
BOTTOM OF THE 4TH |
Viola Swords batting - Pitching for Royse City Targaryens : RHP Yusuke Saito
|
Batting: RHB Randy Gregory
|
0-0: Ball 1-0: Ground out 1-3 (Groundball, 15)
|
Batting: RHB Steffen Taylor
|
0-0: Called Strike 0-1: Foul Ball, location: 2F 0-2: Ball 1-2: Strikes out swinging
|
Batting: RHB Thomas Teague
|
0-0: Ball 1-0: Ground out 5-3 (Groundball, 5)
|
Bottom of the 4th over - 0 run(s), 0 hit(s), 0 error(s), 0 left on base; Royse City 1 - Viola 0 |
TOP OF THE 5TH |
Royse City Targaryens batting - Pitching for Viola Swords : LHP Howard Ventura
|
Batting: RHB Matt Nelson
|
0-0: Ball 1-0: Fly out, F8 (Flyball, 8RM)
|
Batting: SHB Cedric Fields
|
0-0: Fly out, F5 (Line Drive, 5L)
|
Batting: LHB Jim Unknown
|
0-0: Ball 1-0: Ball 2-0: Ball 3-0: Base on Balls
|
Batting: RHB Ron Ward
|
0-0: Ball 1-0: Called Strike 1-1: Called Strike 1-2: Strikes out swinging
|
Top of the 5th over - 0 run(s), 0 hit(s), 0 error(s), 1 left on base; Royse City 1 - Viola 0 |
BOTTOM OF THE 5TH |
Viola Swords batting - Pitching for Royse City Targaryens : RHP Yusuke Saito
|
Batting: RHB Trevor Gardner
|
0-0: SINGLE (Groundball, 34S)
|
Batting: LHB Gonzalo Durán
|
0-0: Called Strike 0-1: Bunted foul 0-2: Foul Ball, location: 2F 0-2: DOUBLE (Line Drive, 9M) Trevor Gardner to third
|
Batting: RHB Ángel González
|
0-0: Ball 1-0: Fly out, F6 (Popup, 6D)
|
Batting: RHB Pedro Sánchez
|
0-0: Ball 1-0: Ball 2-0: SINGLE (Groundball, 4) Trevor Gardner scores Gonzalo Durán to third
|
Batting: RHB Bill Newsome
|
0-0: 3-RUN HOME RUN (Flyball, 8RXD), Distance : 444 ft
|
Batting: RHB Daniel Drake
|
0-0: Swinging Strike 0-1: Ball 1-1: Ground out 4-3 (Groundball, 4)
|
Batting: RHB Randy Gregory
|
0-0: Called Strike 0-1: Called Strike 0-2: Foul Ball, location: 2F 0-2: Foul Ball, location: 2F 0-2: Ball 1-2: Ball 2-2: Ball 3-2: Fly out, F7 (Flyball, 7LM)
|
Bottom of the 5th over - 4 run(s), 4 hit(s), 0 error(s), 0 left on base; Royse City 1 - Viola 4 |
TOP OF THE 6TH |
Royse City Targaryens batting - Pitching for Viola Swords : LHP Howard Ventura
|
Batting: RHB Bob Sargent
|
0-0: Ball 1-0: Ball 2-0: Ball 3-0: Called Strike 3-1: Base on Balls
|
Batting: RHB Bartolo Martínez
|
0-0: Foul Ball, location: 2F 0-1: Ball 1-1: SINGLE (Groundball, 5) (infield hit) Bob Sargent to second
|
Batting: RHB Brent Burgess
|
0-0: Ball 1-0: Sac Bunt - play at first, batter OUT! 3-4 Bob Sargent to third Bartolo Martínez to second
|
Batting: LHB John Cossey
|
0-0: Called Strike 0-1: Swinging Strike 0-2: Ball 1-2: Foul Ball, location: 2F 1-2: Strikes out looking
|
Batting: LHB Markus Richardson
|
0-0: Called Strike 0-1: Called Strike 0-2: Ball 1-2: Strikes out looking
|
Top of the 6th over - 0 run(s), 1 hit(s), 0 error(s), 2 left on base; Royse City 1 - Viola 4 |
BOTTOM OF THE 6TH |
Viola Swords batting - Pitching for Royse City Targaryens : RHP Yusuke Saito
|
Pitching: LHP Mhelter Vitor
|
|
Batting: RHB Steffen Taylor
|
0-0: Called Strike 0-1: Ball 1-1: Swinging Strike 1-2: Fly out, F6 (Line Drive, 6)
|
Batting: RHB Thomas Teague
|
0-0: Ball 1-0: SINGLE (Line Drive, 8RS)
|
Batting: RHB Trevor Gardner
|
0-0: Called Strike 0-1: Swinging Strike 0-2: Ball 1-2: Ground out 5-3 (Groundball, 5S) Thomas Teague to second
|
Batting: LHB Gonzalo Durán
|
0-0: Called Strike 0-1: TRIPLE (Line Drive, 9LM) Thomas Teague scores
|
Batting: RHB Ángel González
|
0-0: Called Strike 0-1: Swinging Strike 0-2: Strikes out looking
|
Bottom of the 6th over - 1 run(s), 2 hit(s), 0 error(s), 1 left on base; Royse City 1 - Viola 5 |
TOP OF THE 7TH |
Royse City Targaryens batting - Pitching for Viola Swords : LHP Howard Ventura
|
Batting: RHB Matt Nelson
|
0-0: Ball 1-0: Ball 2-0: Called Strike 2-1: Foul Ball, location: 2F 2-2: Fly out, F9 (Flyball, 9LM)
|
Batting: SHB Cedric Fields
|
0-0: Fly out, F9 (Line Drive, 9M)
|
Batting: LHB Jim Unknown
|
0-0: Ball 1-0: Ground out 4-3 (Groundball, 4)
|
Top of the 7th over - 0 run(s), 0 hit(s), 0 error(s), 0 left on base; Royse City 1 - Viola 5 |
BOTTOM OF THE 7TH |
Viola Swords batting - Pitching for Royse City Targaryens : LHP Mhelter Vitor
|
Batting: RHB Pedro Sánchez
|
0-0: Foul Ball, location: 2F 0-1: Ball 1-1: Called Strike 1-2: Ball 2-2: Foul Ball, location: 2F 2-2: Fly out, F8 (Flyball, 78XD)
|
Batting: RHB Bill Newsome
|
0-0: Ball 1-0: Ball 2-0: Ball 3-0: Called Strike 3-1: Base on Balls
|
Batting: RHB Daniel Drake
|
0-0: Ball 1-0: Ball 2-0: Called Strike 2-1: Called Strike 2-2: Strikes out looking
|
Batting: RHB Randy Gregory
|
0-0: Called Strike 0-1: Swinging Strike 0-2: Ball 1-2: Strikes out swinging
|
Bottom of the 7th over - 0 run(s), 0 hit(s), 0 error(s), 1 left on base; Royse City 1 - Viola 5 |
TOP OF THE 8TH |
Royse City Targaryens batting - Pitching for Viola Swords : LHP Howard Ventura
|
Batting: RHB Ron Ward
|
0-0: Ball 1-0: Ball 2-0: Called Strike 2-1: Called Strike 2-2: Fly out, F2 (Popup, 2LF)
|
Batting: RHB Bob Sargent
|
0-0: Called Strike 0-1: Ball 1-1: Ball 2-1: Swinging Strike 2-2: Foul Ball, location: 2F 2-2: Strikes out looking
|
Batting: RHB Bartolo Martínez
|
0-0: Fly out, F2 (Popup, 25F)
|
Top of the 8th over - 0 run(s), 0 hit(s), 0 error(s), 0 left on base; Royse City 1 - Viola 5 |
BOTTOM OF THE 8TH |
Viola Swords batting - Pitching for Royse City Targaryens : LHP Mhelter Vitor
|
Batting: RHB Steffen Taylor
|
0-0: Foul Ball, location: 2F 0-1: Ball 1-1: Ball 2-1: Ball 3-1: Foul Ball, location: 2F 3-2: Base on Balls
|
Batting: RHB Thomas Teague
|
0-0: Called Strike 0-1: Swinging Strike 0-2: Ball 1-2: Strikes out swinging
|
Batting: RHB Trevor Gardner
|
0-0: Grounds into double play, 3-6-3 (Groundball, 3)
|
Bottom of the 8th over - 0 run(s), 0 hit(s), 0 error(s), 0 left on base; Royse City 1 - Viola 5 |
TOP OF THE 9TH |
Royse City Targaryens batting - Pitching for Viola Swords : LHP Howard Ventura
|
Batting: RHB Brent Burgess
|
0-0: Called Strike 0-1: Ball 1-1: Called Strike 1-2: Strikes out swinging
|
Batting: LHB John Cossey
|
0-0: Ball 1-0: Ball 2-0: Called Strike 2-1: Ball 3-1: Base on Balls
|
Pitching: RHP Melvin Richards
|
|
Batting: LHB Markus Richardson
|
0-0: Ball 1-0: Ball 2-0: Foul Ball, location: 2F 2-1: Foul Ball, location: 2F 2-2: Ball 3-2: Base on Balls John Cossey to second
|
Batting: RHB Matt Nelson
|
0-0: Called Strike 0-1: Fly out, F9 (Flyball, 9M)
|
Batting: SHB Cedric Fields
|
0-0: Fly out, F7 (Flyball, 78M)
|
Top of the 9th over - 0 run(s), 0 hit(s), 0 error(s), 2 left on base; Royse City 1 - Viola 5 |
|